 Dungeon Crawl Stone Soup version 0.20-a0-1063-gb8e8b7e (webtiles) character file.

9375 Strunz the Slinger (level 11, 0/75 HPs)
             Began as a Halfling Hunter on Apr 27, 2017.
             Was a High Priest of Okawaru.
             Slain by a komodo dragon (19 damage)
             ... on level 1 of the Lair of Beasts on Apr 28, 2017.
             The game lasted 01:26:04 (10599 turns).

Strunz the Slinger (Halfling Hunter)               Turns: 10599, Time: 01:26:05

Health: 0/75       AC: 13    Str: 18    XL:     11   Next: 73%
Magic:  14/14      EV: 21    Int:  8    God:    Okawaru [*****.]
Gold:   318        SH:  6    Dex: 22    Spells: 10/10 levels left

rFire    + . .     SeeInvis +   x - +0 long sword
rCold    + + +     Gourm    .   W - +0 buckler "Qosan" {rC+++ Int-2 Stlth+}
rNeg     . . .     Faith    .   T - +0 scale mail of the Abyss {rF+ rC+ Dex+4 SInv}
rPois    .         Spirit   .   G - +0 helmet
rElec    .         Reflect  .   z - +0 cloak
rCorr    .         Harm     .   (no gloves)
MR       .....                  (no boots)
Stlth    +++.......             (no amulet)
Regen    0.3/turn               i - +3 ring of protection
MPRegen  0.2/turn               A - +2 ring of evasion

@: mighty
A: mutation resistance 1
a: Heroism, Finesse, Renounce Religion


You were on level 1 of the Lair of Beasts.
You worshipped Okawaru.
Okawaru was extremely pleased with you.
You were not hungry.

You visited 3 branches of the dungeon, and saw 12 of its levels.

You collected 806 gold pieces.
You spent 488 gold pieces at shops.

Inventory:

Hand Weapons
 a - a +1 hunting sling
 b - a +0 short sword
 x - a +0 long sword (weapon)
 S - a +2 mace of protection
Missiles
 d - 111 sling bullets
 m - 154 stones (quivered)
Armour
 z - a +0 cloak (worn)
 G - a +0 helmet (worn)
 T - the +0 scale mail of the Abyss (worn) {rF+ rC+ Dex+4 SInv}
   (You bought it in a shop on level 5 of the Dungeon)

   It affects your dexterity (+4).
   It protects you from fire.
   It protects you from cold.
   It lets you see invisible.
 W - the +0 buckler "Qosan" (worn) {rC+++ Int-2 Stlth+}
   (Okawaru gifted it to you on level 10 of the Dungeon)

   It affects your intelligence (-2).
   It renders you almost immune to cold.
   It makes you more stealthy.
Jewellery
 i - a +3 ring of protection (left hand)
 w - an uncursed ring of protection from fire
 A - a +2 ring of evasion (right hand)
Wands
 F - a wand of disintegration (0/24)
 H - a wand of lightning (8/15)
 I - a wand of paralysis (0/24)
 K - a wand of digging (5/24)
 N - a wand of lightning (0/15)
 U - a wand of clouds (5/9)
 Y - a wand of acid (2/15)
Scrolls
 g - a scroll of fog
 j - a scroll of fear
 n - 7 scrolls of remove curse
 s - 5 scrolls of teleportation
 C - a scroll of blinking
 D - a scroll of enchant weapon {unknown}
 E - 2 scrolls of magic mapping {unknown}
 L - a scroll of random uselessness {unknown}
 M - 3 scrolls of enchant armour {unknown}
 Q - a scroll of acquirement {unknown}
 V - 3 scrolls of torment {unknown}
Potions
 c - a potion of lignification {unknown}
 e - a potion of heal wounds
 h - 5 potions of curing
 k - 2 potions of brilliance {unknown}
 l - a potion of might
 o - 2 potions of cancellation {unknown}
 r - 2 potions of flight {unknown}
 u - a potion of degeneration {unknown}
 J - a potion of invisibility
Comestibles
 f - 9 bread rations
 p - a chunk of flesh


   Skills:
 + Level 7.2 Fighting
 + Level 9.0 Short Blades
 + Level 11.9 Slings
 + Level 7.7 Armour
 + Level 8.3 Dodging
 - Level 4.0 Stealth
 * Level 2.4 Shields
 - Level 4.0 Evocations


You had 10 spell levels left.
You didn't know any spells.

Dungeon Overview and Level Annotations

Branches:
Dungeon (10/15)            Temple (1/1) D:4            Lair (1/6) D:10
    Orc: D:9-12

Altars:
Ashenzari
Cheibriados
Dithmenos
Elyvilon
Fedhas
Gozag
Hepliaklqana
Kikubaaqudgha
Makhleb
Nemelex Xobeh
Okawaru
Qazlal
Ru
Sif Muna
Trog
Uskayaw
Vehumet
Wu Jian
Xom
Yredelemnul
Zin
The Shining One

Shops:
D:5 *

Annotations:
D:7 exclusion: downstairs
D:9 exclusion: downstairs


Innate Abilities, Weirdness & Mutations

You are small and have problems with some larger weapons.
You are somewhat resistant to further mutation.


Message History

You hit the komodo dragon.
The komodo dragon is almost dead.
The komodo dragon misses you.
You hit the komodo dragon but do no damage.
The komodo dragon is almost dead.
The komodo dragon bites you!!
* * * LOW HITPOINT WARNING * * *
You feel very mighty all of a sudden. The komodo dragon barely misses you.
You barely miss the komodo dragon.
The komodo dragon is almost dead.
The komodo dragon hisses menacingly.
The komodo dragon completely misses you.
You riposte.
You hit the komodo dragon but do no damage.
The komodo dragon is almost dead.
You barely miss the komodo dragon.
The komodo dragon is almost dead.
The komodo dragon bites you!!
You die...

##.........# ##
##..........#
.######
#.....#P#####
#.....####.....###
####..........##
#.#....รท.....##
#####...##P...##
###P...######..#
###......# ##@##
........## ##l#
######### #(##
#.(# #.#(# #....#
......#((
.......(.#.(#
%##....(. .#.(


You could see a komodo dragon.

Vanquished Creatures
  2 two-headed ogres (D:10)
  The ghost of Thael the Covert, a novice OpAs of Dithmenos (D:7)
  A hornet (D:10)
  2 hippogriffs (D:9)
  A vampire (D:10)
  Eustachio (D:6)
  11 yaks
  A human (D:7)
  4 hogs
  Menkaure (D:6)
  A hungry ghost (D:8)
  2 water moccasins (D:9)
  4 ice beasts
  4 sky beasts
  2 phantoms
  2 black bears
  5 ogres
  2 centaurs
  A crocodile (Lair:1)
  A big kobold (D:8)
  8 bullfrogs
  3 scorpions
  6 killer bees
  A howler monkey (D:5)
  A bullfrog zombie (D:5)
  5 crimson imps
  A centaur zombie (D:10)
  2 orc priests
  3 hounds
  3 jellies
  3 bullfrog skeletons
  A centaur skeleton (D:10)
  5 orc wizards
  10 worker ants
  2 hound zombies
  2 hound skeletons
  A howler monkey zombie (D:5)
  4 gnolls (D:6)
  10 adders
  3 shadow imps
  2 oozes (D:1)
  3 adder skeletons
  An adder zombie (D:6)
  5 worms
  2 dart slugs
  4 leopard geckos
  14 orcs
  4 bats
  4 giant cockroaches
  3 goblins
  2 hobgoblins (D:1)
  5 jackals
  7 quokkas
  4 frilled lizards
  9 kobolds
  2 quokka skeletons
  5 rats
199 creatures vanquished.

Vanquished Creatures (others)
  2 plants (Lair:1)
2 creatures vanquished.

Grand Total: 201 creatures vanquished

Notes
Turn   | Place    | Note
-------+----------+-------------------------------------------
     0 | D:1      | Strunz the Halfling Hunter began the quest for the Orb.
     0 | D:1      | Reached XP level 1. HP: 14/14 MP: 1/1
   176 | D:1      | Reached XP level 2. HP: 19/19 MP: 2/2
   213 | D:1      | Reached skill level 1 in Short Blades
   213 | D:1      | Reached skill level 6 in Slings
   433 | D:1      | Reached XP level 3. HP: 24/24 MP: 3/3
   997 | D:2      | Reached XP level 4. HP: 29/29 MP: 4/4
  1493 | D:3      | Found a shadowy altar of Dithmenos.
  2210 | D:4      | Reached XP level 5. HP: 35/35 MP: 5/5
  2216 | D:4      | Reached skill level 1 in Armour
  2258 | D:4      | Noticed a phantom
  2287 | D:4      | Killed a phantom
  2287 | D:4      | Reached skill level 7 in Slings
  2287 | D:4      | Reached XP level 6. HP: 36/41 MP: 6/6
  2320 | D:4      | Noticed an ogre
  2459 | D:4      | Found a staircase to the Ecumenical Temple.
  2468 | Temple   | Entered the Ecumenical Temple
  2607 | Temple   | Became a worshipper of Warmaster Okawaru
  2704 | D:4      | Killed an ogre
  3006 | D:4      | Reached XP level 7. HP: 37/45 MP: 7/7
  3067 | D:4      | Found a deep blue altar of Sif Muna.
  3187 | D:5      | Entered Level 5 of the Dungeon
  3348 | D:5      | Reached * piety under Okawaru
  3466 | D:5      | Found Ufuylaar's General Store.
  3489 | D:5      | Bought a scroll of teleportation for 39 gold pieces
  3879 | D:6      | Noticed Eustachio
  4141 | D:6      | Reached XP level 8. HP: 49/52 MP: 8/8
  4213 | D:6      | Reached skill level 8 in Slings
  4534 | D:6      | Noticed Menkaure
  4640 | D:6      | Killed Menkaure
  4640 | D:6      | Reached ** piety under Okawaru
  4903 | D:7      | Noticed Thael's ghost (novice OpAs)
  4937 | D:7      | Killed Thael's ghost
  4937 | D:7      | Reached skill level 5 in Short Blades
  4937 | D:7      | Reached skill level 9 in Slings
  4937 | D:7      | Reached skill level 5 in Dodging
  4937 | D:7      | Reached XP level 9. HP: 52/59 MP: 9/9
  5673 | D:6      | Reached skill level 5 in Fighting
  5673 | D:6      | Reached skill level 1 in Evocations
  5716 | D:7      | Reached *** piety under Okawaru
  5748 | D:7      | Reached skill level 5 in Armour
  5964 | D:8      | Reached skill level 10 in Slings
  6036 | D:8      | Reached XP level 10. HP: 66/66 MP: 11/11
  6302 | D:8      | Reached **** piety under Okawaru
  6986 | D:5      | Bought the cursed +0 scale mail of the Abyss {rF+ rC+ Dex+4 SInv} for 449 gold pieces
  7120 | D:6      | Killed Eustachio
  7120 | D:6      | Received a gift from Okawaru
  8041 | D:10     | Entered Level 10 of the Dungeon
  8176 | D:10     | Reached ***** piety under Okawaru
  8399 | D:10     | Reached skill level 11 in Slings
  8399 | D:10     | Reached XP level 11. HP: 66/74 MP: 14/14
  8439 | D:10     | Noticed a two-headed ogre
  8445 | D:10     | Killed a two-headed ogre
  8445 | D:10     | Received a gift from Okawaru
  8594 | D:10     | Received a gift from Okawaru
  8985 | D:10     | Received a gift from Okawaru
  9136 | D:10     | Noticed a two-headed ogre
  9324 | D:10     | Received a gift from Okawaru
  9325 | D:10     | Got a heavily runed buckler {god gift}
  9331 | D:10     | Identified the +0 buckler "Qosan" {rC+++ Int-2 Stlth+} (Okawaru gifted it to you on level 10 of the Dungeon)
  9537 | D:10     | Found a staircase to the Lair.
  9605 | D:10     | Killed a two-headed ogre
  9605 | D:10     | Reached skill level 1 in Shields
 10153 | Lair:1   | Entered Level 1 of the Lair of Beasts
 10599 | Lair:1   | Slain by a komodo dragon

Vault maps used:
D:1:      sevenhm_arrival_forest_fort_large_4
D:2:      first_bread
D:3:      moated_statue, nicolae_dithmenos_shadow_blocks
D:4:      tgw_sif, minmay_temple_entry_trees
D:5:      serial_shops, shop
D:6:      uniq_menkaure, uniq_eustachio
D:7:      grunt_livestock
D:10:     lair_entry_dummy
Temple:   kilobyte_greek_temple
Lair:1:   beast_lair_carwin_8, lemuel_fruit_tree

Skill      XL: |  1  2  3  4  5  6  7  8  9 10 11 |
---------------+----------------------------------+-----
Fighting       | 2 3 4 5 6 7 |  7.2
Short Blades   | 1 2 3 5 6 7 9 |  9.0
Slings         | 6 7 9 10 11 | 11.9
Stealth        | 2 3 4 |  4.0
Armour         | 1 2 4 5 6 7 |  7.7
Dodging        | 3 4 5 6 7 8 |  8.3
Evocations     | 2 4 |  4.0
Shields        | 2 |  2.4

Action                   |  1- 3 |  4- 6 |  7- 9 | 10-12 || total
-------------------------+-------+-------+-------+-------++-------
Melee: Short sword       |     1 |       |       |       ||     1
       Falchion          |       |     2 |   124 |       ||   126
       Long sword        |       |       |     8 |   298 ||   306
       Punch             |       |       |       |     2 ||     2
 Fire: Hunting sling     |    64 |   111 |   314 |   283 ||   772
Invok: Heroism           |       |       |       |     4 ||     4
Evoke: Wand              |       |       |     7 |    43 ||    50
  Use: Scroll            |       |       |    13 |     6 ||    19
       Potion            |       |       |     1 |     5 ||     6
 Stab: Sleeping          |       |     1 |     1 |       ||     2
       Paralysed         |       |       |    31 |    73 ||   104
       Invisible         |       |       |       |     5 ||     5
  Eat: Chunk             |       |     6 |     9 |    16 ||    31
Armor: Leather armour    |     5 |     4 |    10 |       ||    19
       Ring mail         |       |       |    35 |    16 ||    51
       Scale mail        |       |       |       |    58 ||    58
Dodge: Dodged            |     8 |    14 |   152 |   265 ||   439
Block: Buckler           |       |       |       |    20 ||    20
       Rpst.: Falchion   |       |     1 |    30 |       ||    31
       Long sword        |       |       |       |    62 ||    62
